 Dungeon Crawl Stone Soup version 0.29.1-2-gbd0b4ee654 (webtiles) character file.

Game seed: 2397175762617235755

26422 zermelo the Executioner (level 12, -1/160 HPs)
             Began as a Minotaur Berserker on Nov 13, 2022.
             Was a High Priest of Trog.
             Slain by a thrashing horror (11 damage)
             ... on level 1 of the Abyss.
             The game lasted 03:58:18 (18687 turns).

zermelo the Executioner (Minotaur Berserker)       Turns: 18687, Time: 03:58:19

Health: -1/160     AC: 26    Str: 40    XL:     12   Next: 98%
Magic:  0/11       EV:  2    Int:  4    God:    Trog [*****.]
Gold:   1158       SH:  0    Dex: 13    Spells: 11/11 levels left

rFire   . . .      SeeInvis +   H - +5 executioner's axe
rCold   . . .      Faith    .   (shield currently unavailable)
rNeg    . . .      Spirit   +   (body armour currently unavailable)
rPois   +          Reflect  .   (helmet currently unavailable)
rElec   .          Harm     .   (cloak currently unavailable)
rCorr   .          Rampage  .   (gloves currently unavailable)
Will    +....      NoTele   +   (boots currently unavailable)
Stlth   +.........              F - amulet "Xoliyl" {Spirit Slay+3}
HPRegen 0.36/turn               R - +6 ring of strength
MPRegen 0.12/turn               G - ring "Isulaw" {Will+ Str+6 Dex+4 SInv}

@: confused, mighty, tree-form, ambrosia-drunk
A: stationary, stasis, torment immunity, boosted hp, (horns 2), (retaliatory
headbutt)
a: Renounce Religion, Berserk, Trog's Hand, Brothers in Arms


You were on level 1 of the Abyss.
You worshipped Trog.
Trog was extremely pleased with you.
You were a tree.
You visited 3 branches of the dungeon, and saw 15 of its levels.
You visited the Abyss 1 time.
You also visited: Sewer and Bailey.

You collected 1278 gold pieces.
You spent 120 gold pieces at shops.

Inventory:

Hand Weapons
 y - a +4 vorpal battleaxe
 H - a +5 executioner's axe (weapon)
 M - a +1 flail of draining
 P - a +5 mace of freezing
Missiles
 d - 134 stones
 I - 5 throwing nets
 Q - 19 poisoned darts (quivered)
Armour
 m - the +0 leather armour of Devotion {Str+4}
   (You found it on level 3 of the Dungeon)

   Str:       It affects your strength (+4).
 u - a +2 pair of gloves (melded)
 J - a +0 plate armour (melded)
 K - a +2 scale mail of willpower
 L - a +0 tower shield
 N - a +2 pair of boots (melded)
Jewellery
 g - a +6 ring of intelligence
 l - a +4 ring of evasion
 r - an amulet of reflection
 s - a ring of poison resistance
 D - an amulet of the acrobat
 F - the amulet "Xoliyl" (around neck) {Spirit Slay+3}
   (You acquired it on level 8 of the Dungeon)

   [amulet of guardian spirit]

   It causes incoming damage to be divided between your reserves of health and
   magic.
   Slay:      It affects your accuracy & damage with ranged weapons and melee
   (+3).
 G - the ring "Isulaw" (right branch) {Will+ Str+6 Dex+4 SInv}
   (You found it in a bailey)

   [ring of strength]

   Str:       It affects your strength (+6).
   Dex:       It affects your dexterity (+4).
   SInv:      It lets you see invisible.
   Will:      It increases your willpower.
 R - a +6 ring of strength (left branch)
Wands
 b - a wand of polymorph (8)
 e - a wand of iceblast (6)
 E - a wand of charming (9)
Scrolls
 k - 6 scrolls of identify
 n - 2 scrolls of blinking
 q - a scroll of enchant armour
 t - 7 scrolls of teleportation
 v - a scroll of noise
 B - 4 scrolls of fog
 C - 3 scrolls of fear
 O - a scroll of enchant weapon
Potions
 a - 3 potions of lignification
 c - 3 potions of attraction
 i - 5 potions of might
 j - 4 potions of brilliance
 o - 5 potions of flight
 p - 7 potions of mutation
 w - a potion of cancellation
 x - 2 potions of haste
 A - 2 potions of ambrosia


   Skills:
 * Level 10.4 Fighting
 - Level 21.9 Axes
 * Level 10.0 Armour
 - Level 2.1 Dodging


You had 11 spell levels left.
You didn't know any spells.
Your spell library was empty.

Dungeon Overview and Level Annotations

Branches:
Dungeon (12/15)            Temple (1/1) D:4            Lair (0/5) D:8
    Orc (2/2) D:12          Sewer (visited)          Bailey (visited)
    Elf: Orc:2

Altars:
Ashenzari
Cheibriados
Dithmenos
Elyvilon
Fedhas
Gozag
Hepliaklqana
Kikubaaqudgha
Makhleb
Nemelex Xobeh
Okawaru
Qazlal
Ru
Sif Muna
Trog
Uskayaw
Vehumet
Wu Jian
Xom
Yredelemnul
Zin
The Shining One

Shops:
D:7 ?   D:12 **   Orc:1 (

Annotations:
Orc:2 Sonja


Innate Abilities, Weirdness & Mutations

You are a tree.
Your roots penetrate the ground, keeping you stationary.
You cannot be teleported.
You are immune to unholy pain and torment.
Your maximum health is greatly increased.
Your equipment is partially melded.
((You have a pair of horns on your head.))
((You reflexively headbutt those who attack you in melee.))


Message History

You resist with almost no effort. The golden eye blinks at you.
You resist with almost no effort.
The ynoxinul hits you but does no damage.
You closely miss the golden eye. You cut the ynoxinul into ribbons!!!
You kill the ynoxinul!
Trog accepts your kill. The golden eye blinks at you.
You are more confused.
The thrashing horror tramples you but does no damage. x2
The golden eye blinks at you. You resist with almost no effort.
You attack the rock wall.
The thrashing horror roars!
The thrashing horror tramples you!
* * * LOW HITPOINT WARNING * * *
The thrashing horror tramples you but does no damage.
The golden eye blinks at you.
You are more confused.
You attack the rock wall.
The golden eye blinks at you. You resist with almost no effort.
The thrashing horror tramples you.
* * * LOW HITPOINT WARNING * * *
The thrashing horror tramples you but does no damage.
The golden eye blinks at you. You resist with almost no effort.
The golden eye blinks!
A large abomination comes into view.
You closely miss the golden eye. x2; You slash the thrashing horror!
The thrashing horror tramples you but does no damage. x2
Okay, then.
You are more confused.
You feel invigorated. The thrashing horror tramples you.
* * * LOW HITPOINT WARNING * * *
The thrashing horror tramples you but does no damage.
The golden eye blinks at you. You resist with almost no effort.
The golden eye blinks at you.
You are more confused.
The thrashing horror tramples you!
You die...

# ........ . .
..#...#... ....
.....#...##.
... #.......#.
∩.. #._....
..... ##.......
....# #∩#..
..#...... #
.#.....#G##....
# .......G♣#
#.# .
.......X.# ..
...........# ##
.......#..##
..........#
......#...#
....X #...#
......###.. #..


You could see a thrashing horror (strong), a large abomination and 2 golden
eyes.

Vanquished Creatures
  An orc warlord (Bailey)
  Snorg (D:10)
  Harold (D:10)
  A hydra (D:11)
  A boulder beetle (D:12)
  3 two-headed ogres
  2 orc knights
  3 deep elf pyromancers
  4 orc sorcerers
  2 ugly things
  Psyche (D:8)
  4 gargoyles
  2 kobold demonologists
  2 trolls
  A shadow (D:11)
  3 wraiths
  A wyvern (D:9)
  26 yaks
  A ynoxinul (Abyss:1)
  2 golden eyes (Abyss:1)
  Grum (D:8)
  4 vampire mosquitoes (D:12)
  3 steam dragons
  2 wargs (Orc:2)
  4 water moccasins
  2 acid dragons
  An ice beast (D:7)
  21 orc warriors
  2 sky beasts (D:7)
  3 black bears (D:8)
  5 ogres
  2 wolves (D:8)
  3 centaurs
  12 kobold brigands
  A phantom (D:6)
  4 bullfrogs
  3 necrophages
  9 wights
  17 killer bees
  3 howler monkeys
  6 hounds
  A jelly (D:5)
  9 orc priests
  5 iguanas
  18 orc wizards
  7 gnolls (Bailey)
  7 adders
  A river rat (Sewer)
  A shadow imp (D:7)
  2 white imps (D:7)
  An ufetubus (D:4)
  5 worms
  4 dart slugs
  54 orcs
  13 ball pythons
  8 endoplasms
  3 giant cockroaches
  13 goblins
  16 hobgoblins
  A quokka (D:5)
  3 training dummies (Orc:1)
  3 bats
  4 frilled lizards
  22 kobolds
  9 rats
380 creatures vanquished.

Vanquished Creatures (collateral kills)
  A worldbinder (Abyss:1)
1 creature vanquished.

Vanquished Creatures (others)
  A bullfrog (D:8)
  An iguana (D:6)
  19 fungi (D:8)
  26 plants
  5 toadstools (D:2)
52 creatures vanquished.

Grand Total: 433 creatures vanquished

Notes
Turn   | Place    | Note
-------+----------+-------------------------------------------
     0 | D:1      | zermelo the Minotaur Berserker began the quest for the Orb.
     0 | D:1      | Reached XP level 1. HP: 19/19 MP: 0/0
   130 | D:1      | Reached skill level 4 in Axes
   291 | D:1      | Reached XP level 2. HP: 25/26 MP: 1/1
   727 | D:2      | Reached skill level 5 in Axes
   727 | D:2      | Reached XP level 3. HP: 31/31 MP: 2/2
   790 | D:2      | Reached ** piety under Trog
   896 | D:2      | Found an opulent altar of Gozag.
  1926 | D:3      | Found a broken altar of Ashenzari.
  1935 | D:3      | Identified the +0 leather armour of Devotion {Str+4}
  1951 | D:3      | Reached XP level 4. HP: 39/39 MP: 3/3
  1958 | D:3      | Reached skill level 6 in Axes
  2142 | D:3      | Reached skill level 7 in Axes
  2142 | D:3      | Reached XP level 5. HP: 6/45 MP: 4/4
  2574 | D:3      | Found a faded altar of an unknown god.
  2754 | D:4      | Found a glowing golden altar of the Shining One.
  2800 | D:4      | Found a glowing drain.
  2804 | Sewer    | Entered a sewer
  2859 | Sewer    | Reached skill level 8 in Axes
  2859 | Sewer    | Reached XP level 6. HP: 44/51 MP: 5/5
  3020 | Sewer    | Reached *** piety under Trog
  3219 | Sewer    | Reached skill level 9 in Axes
  3483 | Sewer    | Reached XP level 7. HP: 21/57 MP: 6/6
  3844 | Sewer    | Reached skill level 10 in Axes
  4179 | D:4      | Found a staircase to the Ecumenical Temple.
  4341 | D:4      | Found a bloodstained altar of Trog.
  4490 | D:4      | Identified the +4 hand axe of the Shark {vorpal, Drain Fly
                  | rN+++}
  4698 | D:5      | Entered Level 5 of the Dungeon
  4737 | D:5      | Reached skill level 11 in Axes
  4984 | D:5      | Reached XP level 8. HP: 64/64 MP: 7/7
  5000 | D:5      | Found a sacrificial altar of Ru.
  5433 | D:5      | Reached skill level 12 in Axes
  5919 | D:6      | Found a radiant altar of Vehumet.
  6020 | D:6      | Reached skill level 13 in Axes
  6030 | D:6      | Reached **** piety under Trog
  6240 | D:6      | Noticed a kobold demonologist
  6245 | D:6      | Noticed a sun demon
  6266 | D:6      | Killed a kobold demonologist
  6267 | D:6      | Reached skill level 14 in Axes
  6267 | D:6      | Reached XP level 9. HP: 51/70 MP: 8/8
  6566 | D:6      | Found a shimmering altar of Xom.
  6566 | D:6      | Noticed an angel
  6607 | D:6      | Found a glowing silver altar of Zin.
  6727 | D:7      | Found an iron altar of Okawaru.
  6755 | D:7      | Reached skill level 15 in Axes
  6757 | D:7      | Noticed a gargoyle
  6763 | D:7      | Killed a gargoyle
  6871 | D:7      | Reached skill level 16 in Axes
  7322 | D:7      | Found a basalt altar of Yredelemnul.
  7821 | D:7      | Found Susmeumasm's Magic Scroll Boutique.
  7983 | D:7      | Noticed a deep elf pyromancer
  7994 | D:7      | Killed a deep elf pyromancer
  7995 | D:7      | Reached skill level 17 in Axes
  7995 | D:7      | Reached XP level 10. HP: 61/77 MP: 9/9
  8299 | D:7      | Bought a scroll of identify for 20 gold pieces
  8299 | D:7      | Bought a scroll of teleportation for 30 gold pieces
  8299 | D:7      | Bought a scroll of teleportation for 30 gold pieces
  8299 | D:7      | Bought 2 scrolls of identify for 40 gold pieces
  8368 | D:8      | Found a flagged portal.
  8371 | D:8      | Noticed Grum
  8395 | D:8      | Killed Grum
  8399 | Bailey   | Entered a bailey
  8849 | Bailey   | Reached skill level 18 in Axes
  8991 | Bailey   | Reached ***** piety under Trog
  9218 | Bailey   | Noticed an orc warlord
  9219 | Bailey   | Noticed an orc knight
  9235 | Bailey   | Killed an orc warlord
  9236 | Bailey   | Reached skill level 19 in Axes
  9238 | Bailey   | Killed an orc knight
  9473 | Bailey   | Identified the ring "Isulaw" {Will+ Str+6 Dex+4 SInv}
  9620 | D:8      | Found a blossoming altar of Fedhas.
 10271 | D:8      | You fall into a shaft and drop 2 floors!
 10271 | D:10     | Entered Level 10 of the Dungeon
 10342 | D:10     | Reached XP level 11. HP: 69/70 MP: 10/10
 11005 | D:9      | Reached skill level 20 in Axes
 11998 | D:8      | Noticed Psyche
 12006 | D:8      | Reached skill level 21 in Axes
 12008 | D:8      | Killed Psyche
 12019 | D:8      | Found a staircase to the Lair.
 12475 | D:8      | Acquired the amulet "Xoliyl" {Spirit Slay+3}
 12919 | Temple   | Entered the Ecumenical Temple
 13738 | D:10     | Noticed Harold
 13743 | D:10     | Killed Harold
 13743 | D:10     | Received a gift from Trog
 13744 | D:10     | Reached skill level 5 in Fighting
 13856 | D:10     | Noticed Snorg
 13868 | D:10     | Killed Snorg
 14260 | D:11     | Reached skill level 5 in Armour
 14338 | D:11     | Reached XP level 12. HP: 87/96 MP: 9/11
 15251 | D:11     | Noticed a five-headed hydra
 15485 | D:11     | Killed a five-headed hydra
 15673 | D:11     | Noticed a two-headed ogre
 15683 | D:11     | Killed a two-headed ogre
 16232 | D:12     | Noticed a two-headed ogre
 16240 | D:12     | Killed a two-headed ogre
 16574 | D:12     | Found a stormy altar of Qazlal.
 16727 | D:12     | Noticed a boulder beetle
 16739 | D:12     | Killed a boulder beetle
 17046 | D:12     | Noticed a two-headed ogre
 17054 | D:12     | Killed a two-headed ogre
 17184 | D:12     | Found Vieph's Specific Store.
 17189 | D:12     | Found Qeuvug's General Store.
 17224 | D:12     | Found a staircase to the Orcish Mines.
 17554 | Orc:1    | Entered Level 1 of the Orcish Mines
 18108 | Orc:1    | Found Mitycu's Firing Range.
 18303 | Orc:2    | Entered Level 2 of the Orcish Mines
 18312 | Orc:2    | Reached skill level 10 in Fighting
 18607 | Orc:2    | Noticed Sonja
 18633 | Abyss:1  | Found a corrupted altar of Lugonu.
 18633 | Abyss:1  | Cast into level 1 of the Abyss (Sonja)
 18664 | Abyss:1  | Noticed a purple very ugly thing
 18665 | Abyss:1  | Noticed an ironbound thunderhulk
 18665 | Abyss:1  | Noticed a white very ugly thing
 18665 | Abyss:1  | Noticed a purple very ugly thing
 18670 | Abyss:1  | Reached skill level 10 in Armour
 18685 | Abyss:1  | HP: 8/160 [thrashing horror (6)]
 18687 | Abyss:1  | Slain by a thrashing horror

Illustrated notes

Levels and vault maps discovered:
D:1:      zelgadis_glass_arrival_small, layout_rooms
D:2:      layout_loops_ring, basic_altar, minmay_gold_behind_fungi
D:3:      layout_rooms, overflow_temple_1_default,
          shapermc_ecumenical_altar_petra
D:4:      layout_loops_ring, tso_oasis_becter, mainiacjoe_overflow_chevrons,
          minmay_temple_entry_antechambers, gup_sewer_entry_bowl,
          nrook_mini_backslash
D:5:      layout_basic, mainiacjoe_overflow_24_doors
D:6:      layout_rooms, grunt_temple_overflow_order_and_chaos_1,
          nicolae_vehumet_altar_sigil, dk_vineyard_3
D:7:      minmay_chambers_of_sixes, layout_basic, okawaru_gym_becter,
          mainiacjoe_overflow_boulevard, kennysheep_small_square
D:8:      layout_loops_corners, fedhas_altar_1, grunt_lair_entry_orc_guard_hut,
          enter_bailey_2, uniq_grum, uniq_psyche
D:9:      layout_basic
D:10:     layout_loops_ring, uniq_harold, uniq_snorg
D:11:     layout_long_grid
D:12:     layout_loops_cross, orc_0_dummy, nicolae_specific_store, hex_tiny,
          grunt_qazlal_sundering
Temple:   nicolae_temple_no_exploring_needed
Orc:1:    layout_diamond_mine, nicolae_shop_firing_range
Orc:2:    grunt_orc_community_town_hall, layout_caves,
          grunt_orc_community_big_house_2, grunt_orc_community_big_house_2,
          grunt_orc_community_house_2, grunt_orc_community_house_1,
          grunt_orc_community_house_3, grunt_orc_community_house_2,
          grunt_orc_community_house_3, grunt_orc_community_house_3,
          serial_shops, nicolae_shop_trees, basic_altar,
          portal_ice_cave_entry_pillars_1, uniq_sonja
Abyss:1:  base: D:2, minivault_23

Skill      XL: |  1  2  3  4  5  6  7  8  9 10 11 12 |
---------------+-------------------------------------+-----
Axes           | 4 5 7 8 9 11 14 17 19 21 | 21.9
Fighting       | 6 10 | 10.4
Armour         | 5 10 | 10.0
Dodging        | |  2.1

Action                   |  1- 3 |  4- 6 |  7- 9 | 10-12 || total
-------------------------+-------+-------+-------+-------++-------
Melee: Hand axe          |    89 |   122 |   238 |   116 ||   565
       Headbutt          |    10 |    14 |    33 |    79 ||   136
       Punch             |       |       |     2 |       ||     2
       Executioner's axe |       |       |       |   240 ||   240
       Battleaxe         |       |       |       |    52 ||    52
       Mace              |       |       |       |     4 ||     4
Throw: Stone             |       |    10 |     3 |     2 ||    15
       Dart              |       |       |       |    18 ||    18
Invok: Berserk           |       |     2 |     2 |    12 ||    16
       Trog's Hand       |       |       |     2 |     1 ||     3
       Brothers in Arms  |       |       |       |     1 ||     1
  Use: Scroll            |     7 |     1 |    11 |    10 ||    29
       Potion            |       |       |       |    14 ||    14
Armor: Animal skin       |    15 |       |       |       ||    15
       Ring mail         |     6 |    25 |     6 |       ||    37
       Chain mail        |       |       |    32 |    18 ||    50
       Plate armour      |       |       |       |   192 ||   192
       Skin              |       |       |       |    18 ||    18
Dodge: Dodged            |    51 |    40 |    46 |   180 ||   317
Block: Other             |       |       |    27 |    54 ||    81
       Reflection        |       |       |       |     3 ||     3
       Tower shield      |       |       |       |     2 ||     2
